[Event "FIDE World Senior-50 CC 2023"]
[Site "Terrasini"]
[Date "2023.11.04"]
[Round "10.16"]
[White "Plotkin, Victor"]
[Black "Grant, Jonathan I M"]
[Result "1-0"]
[ECO "D37"]
[WhiteElo "2229"]
[BlackElo "2150"]
[Annotator "ChessBase"]
[PlyCount "127"]
[EventDate "2023.10.22"]
[EventType "swiss"]
[EventCountry "ITA"]
[SourceTitle "playchess.com"]
[Source "ChessBase"]
[SourceQuality "1"]
[TimeControl "40/5400+30:1800+30"]

1. d4 Nf6 2. Nf3 d5 3. c4 e6 4. Nc3 a6 5. cxd5 exd5 6. Bg5 Be6 7. e3 Nbd7 8. Bd3 Bd6 9. O-O c6 10. Qc2 Qc7 11. Bh4 h6 12. Bg3 O-O 13. Rab1 Rfe8 14. b4 Rac8 15. Rfc1 b5 16. a4 Nb6 17. Ra1 Bxg3 18. hxg3 Qe7 19. axb5 axb5 20. Ra6 Qb7 21. Rca1 Ra8 22. Rxa8 Rxa8 23. Rxa8+ Qxa8 24. Qa2 Nfd7 25. Qxa8+ Nxa8 26. Na2 Nc7 27. Nd2 Kf8 28. Nb3 Ke7 29. f3 Kd6 30. g4 Nb6 31. Nc5 Nc4 32. Kf2 Ne8 33. Nc3 Bc8 34. e4 Nc7 35. e5+ Ke7 36. Kg3 Ne6 37. Nxe6 Bxe6 38. f4 Bd7 39. f5 Bc8 40. Kf4 Nb6 41. g5 hxg5+ 42. Kxg5 Na8 43. g4 Nc7 44. Kf4 Bd7 45. Bc2 Be8 46. Na2 Bd7 47. Nc1 Na6 48. Nd3 Be8 49. Bd1 Bd7 50. Bf3 Be8 51. Bg2 Bd7 52. Bh3 Kf8 53. Ke3 g6 54. Kf4 gxf5 55. gxf5 Bc8 56. Kg5 Nc7 57. Nc5 Ne8 58. Bg4 Nc7 59. f6 Bxg4 60. Kxg4 Ke8 61. Kf5 Na8 62. e6 fxe6+ 63. Kxe6 Nb6 64. f7+ 1-0

[Event "FIDE World Senior-50 CC 2023"]
[Site "Terrasini"]
[Date "2023.11.04"]
[Round "10.17"]
[White "Dieu, Bruno"]
[Black "Haessel, Dale R."]
[Result "0-1"]
[ECO "D00"]
[WhiteElo "2221"]
[BlackElo "2023"]
[Annotator "ChessBase"]
[PlyCount "44"]
[EventDate "2023.10.22"]
[EventType "swiss"]
[EventCountry "ITA"]
[SourceTitle "playchess.com"]
[Source "ChessBase"]
[SourceQuality "1"]
[TimeControl "40/5400+30:1800+30"]

1. d4 d5 2. Nc3 c5 3. e4 dxe4 4. d5 Nf6 5. f3 exf3 6. Nxf3 g6 7. Bc4 Bg7 8. O-O O-O 9. Qe1 Nbd7 10. Qh4 Nb6 11. Bg5 Bf5 12. Rae1 Re8 13. Bb5 Rf8 14. Bh6 a6 15. Be2 Bxh6 16. Qxh6 Ng4 17. Qd2 e6 18. h3 Nf6 19. Qh6 Nbxd5 20. Ng5 Ne3 21. Nce4 Re8 22. Nxf6+ Qxf6 0-1

[Event "FIDE World Senior-50 CC 2023"]
[Site "Terrasini"]
[Date "2023.11.04"]
[Round "10.18"]
[White "Mussanti, Diego"]
[Black "Becker, Rogerio Sperb"]
[Result "1-0"]
[ECO "B15"]
[WhiteElo "2183"]
[BlackElo "2102"]
[Annotator "ChessBase"]
[PlyCount "117"]
[EventDate "2023.10.22"]
[EventType "swiss"]
[EventCountry "ITA"]
[SourceTitle "playchess.com"]
[Source "ChessBase"]
[SourceQuality "1"]
[TimeControl "40/5400+30:1800+30"]

1. e4 c6 2. d4 d5 3. Nc3 dxe4 4. Nxe4 Nf6 5. Nxf6+ exf6 6. c3 Bd6 7. Bd3 O-O 8. Qc2 Re8+ 9. Ne2 h5 10. Be3 Nd7 11. O-O-O b5 12. Bh7+ Kh8 13. Be4 Qc7 14. Ng3 Nb6 15. Rde1 h4 16. Nf5 Bxf5 17. Bxf5 Nd5 18. g3 Re7 19. Bd2 Rae8 20. Qd1 g6 21. Bd3 Rxe1 22. Rxe1 Rxe1 23. Qxe1 hxg3 24. hxg3 Qe7 25. Qh1+ Kg8 26. Bxb5 Nxc3 27. Qxc6 Nxa2+ 28. Kb1 Nb4 29. Qe8+ Qxe8 30. Bxe8 Kf8 31. Bb5 Ke7 32. g4 Nd5 33. Kc2 Bf4 34. Bc4 Bxd2 35. Kxd2 Nc7 36. Kd3 Ne6 37. Bb3 Kd6 38. Kc4 Kc7 39. Kd5 Nd8 40. Kc5 Ne6+ 41. Bxe6 fxe6 42. d5 e5 43. d6+ Kd7 44. Kd5 e4 45. Kc5 a5 46. Kd5 a4 47. Kc5 Kc8 48. Kd4 Kd7 49. Kd5 g5 50. Kc5 f5 51. gxf5 e3 52. fxe3 g4 53. f6 Ke6 54. Kc6 g3 55. d7 g2 56. d8=Q g1=Q 57. Qd6+ Kf5 58. f7 Qc1+ 59. Kd5 1-0

[Event "FIDE World Senior-50 CC 2023"]
[Site "Terrasini"]
[Date "2023.11.04"]
[Round "10.19"]
[White "Duong, Thanh Nha"]
[Black "Boulard, Eric"]
[Result "0-1"]
[ECO "D05"]
[WhiteElo "2081"]
[BlackElo "2181"]
[Annotator "ChessBase"]
[PlyCount "118"]
[EventDate "2023.10.22"]
[EventType "swiss"]
[EventCountry "ITA"]
[SourceTitle "playchess.com"]
[Source "ChessBase"]
[SourceQuality "1"]
[TimeControl "40/5400+30:1800+30"]

1. b3 d5 2. Bb2 c5 3. Nf3 Nf6 4. e3 e6 5. d4 Nbd7 6. Bd3 Bd6 7. O-O O-O 8. Nbd2 b6 9. Ne5 Bb7 10. Qf3 Qc7 11. Nxd7 Nxd7 12. Qh3 h6 13. c4 dxc4 14. bxc4 cxd4 15. exd4 Rfe8 16. Ne4 Be7 17. Rac1 Qf4 18. g3 Qf3 19. Rfe1 Qxd3 20. Re3 Qxe4 21. Rxe4 Bxe4 22. d5 Bf6 23. Bxf6 Nxf6 24. d6 Red8 25. Rd1 Rac8 26. Qf1 Rc6 27. f3 Bc2 28. Rd2 Rcxd6 29. Rxd6 Rxd6 30. Qe2 Bd3 31. Qe5 Rd7 32. c5 bxc5 33. Qxc5 Kh7 34. h4 h5 35. Kf2 Bf5 36. a4 Nd5 37. Qd4 Nf6 38. Qc5 Kg6 39. a5 a6 40. Qc1 Rd5 41. Qc7 Bd3 42. Ke3 Bb5 43. Qc2+ Rf5 44. Kd4 e5+ 45. Ke3 e4 46. fxe4 Re5 47. Kd4 Rxe4+ 48. Kc5 Kh6 49. Qc1+ Kh7 50. Qc2 Kg8 51. Qd2 Rg4 52. Qd8+ Kh7 53. Qa8 Rxg3 54. Kd6 Rg4 55. Qh1 Rd4+ 56. Ke7 Rd7+ 57. Kf8 Kh8 58. Qc6 Nh7+ 59. Ke8 Rc7 0-1

[Event "FIDE World Senior-50 CC 2023"]
[Site "Terrasini"]
[Date "2023.11.05"]
[Round "11.1"]
[White "Atalik, Suat"]
[Black "Godena, Michele"]
[Result "1/2-1/2"]
[ECO "D53"]
[WhiteElo "2427"]
[BlackElo "2441"]
[Annotator "RC"]
[PlyCount "29"]
[EventDate "2023.10.22"]
[EventType "swiss"]
[EventCountry "ITA"]
[SourceTitle "playchess.com"]
[Source "ChessBase"]
[SourceQuality "1"]
[TimeControl "40/5400+30:1800+30"]

1. d4 d5 2. c4 e6 3. Nc3 Nf6 4. Bg5 c6 5. e3 h6 6. Bh4 Be7 7. Nf3 O-O 8. Bd3 dxc4 9. Bxc4 c5 10. dxc5 Qa5 11. O-O Qxc5 12. Qe2 Bd7 13. Bxf6 Bxf6 14. Ne4 Qe7 15. Nxf6+ 1/2-1/2

[Event "FIDE World Senior-50 CC 2023"]
[Site "Terrasini"]
[Date "2023.11.05"]
[Round "11.2"]
[White "Mrva, Martin"]
[Black "Adams, Michael"]
[Result "0-1"]
[ECO "C54"]
[WhiteElo "2366"]
[BlackElo "2670"]
[Annotator "TA"]
[PlyCount "60"]
[EventDate "2023.10.22"]
[EventType "swiss"]
[EventCountry "ITA"]
[SourceTitle "playchess.com"]
[Source "ChessBase"]
[SourceQuality "1"]
[TimeControl "40/5400+30:1800+30"]

1. e4 e5 2. Nf3 Nc6 3. Bc4 Nf6 4. d3 Bc5 5. c3 a6 6. a4 {[%emt 0:00:20] C54: Giuoco Piano: 4 c3 Nf6, main lines with 5 d4 and 5 d3.} Ba7 7. O-O d6 8. Nbd2 {[%emt 0:00:28] White has an edge.} O-O 9. h3 h6 10. Re1 Be6 (10... Nh5 {with more complications.} 11. Nf1 Qf6 12. Be3 Be6) 11. b4 Ne7 (11... Nh5 {keeps more tension.} 12. Bxe6 fxe6 13. Ra2 Qe8) 12. Bxe6 fxe6 13. Nf1 Ng6 14. Be3 Bxe3 15. Rxe3 {[%emt 0:00:23] [#]} Rf7 $146 ({Predecessor:} 15... b5 16. g3 Qd7 17. N1d2 a5 18. bxa5 Rxa5 19. axb5 Rxa1 20. Qxa1 Qxb5 21. Qa2 Re8 {½-½ Duda,J (2732)-Gukesh,D (2744) Zagreb SuperUnited Rapid 2023 (9)}) 16. Re1 Qe7 17. g3 Raf8 18. N1h2 d5 19. Kg2 c5 20. bxc5 Qxc5 21. Qb3 Qc6 22. exd5 (22. Qb4 $11) 22... Nxd5 $17 23. Qc4 {[%emt 0:09:30] [#] Prevents Ngf4+. This move loses the game for White.} ({Only move:} 23. Re4 $1 $15) 23... Rxf3 $1 $19 24. Nxf3 {[%emt 0:02:10] [#] Black must now prevent Qxc6.} Ndf4+ $1 {[%emt 0:00:58][%mdl 576] Deflection} 25. gxf4 Nh4+ {[%emt 0:02:22][%mdl 64] Deflection, Double Attack} 26. Kf1 (26. Kh2 {might work better.} Nxf3+ 27. Kh1 Qxc4 28. dxc4 Nxe1 29. Rxe1) 26... Qxf3 ({Don't take} 26... Nxf3 27. Qxc6 bxc6 28. Re3 Rxf4 29. Ke2 $18) 27. Qxe6+ Kh7 28. Qg4 {[%emt 0:03:47] Threatens to win with Qxf3.} Qxd3+ 29. Re2 $2 (29. Kg1 Rxf4 30. Qg3 Nf3+ 31. Kg2) 29... Rxf4 30. Qg3 Qxg3 {[%emt 0:00:44] An entertaining game by Adams.   Weighted Error Value: White=0.62/Black=0.02 (flawless)} 0-1

[Event "FIDE World Senior-50 CC 2023"]
[Site "Terrasini"]
[Date "2023.11.05"]
[Round "11.4"]
[White "Novik, Maxim"]
[Black "Paschall, William"]
[Result "1-0"]
[ECO "C01"]
[WhiteElo "2375"]
[BlackElo "2329"]
[Annotator "RC"]
[PlyCount "133"]
[EventDate "2023.10.22"]
[EventType "swiss"]
[EventCountry "ITA"]
[SourceTitle "playchess.com"]
[Source "ChessBase"]
[SourceQuality "1"]
[TimeControl "40/5400+30:1800+30"]

1. e4 e5 2. Nf3 Nf6 3. Nxe5 d6 4. Nf3 Nxe4 5. d3 Nf6 6. d4 d5 7. Bd3 Be7 8. h3 Nbd7 9. O-O Nf8 10. Re1 Ne6 11. c4 dxc4 12. Bxc4 c6 13. Nc3 O-O 14. Be3 Nc7 15. Qb3 b5 16. Bf1 Be6 17. Qc2 Ncd5 18. Ng5 Nb4 19. Qb1 Bc4 20. Bxc4 bxc4 21. Nf3 Nd3 22. Rd1 Rb8 23. b3 Nd5 24. Nxd5 cxd5 25. Ne5 Nxe5 26. dxe5 Qa5 27. Qf5 Qa6 28. bxc4 dxc4 29. Rd7 Rb7 30. Rad1 g6 31. Qe4 Rfb8 32. Bf4 Rxd7 33. Rxd7 Bf8 34. Qd5 Qe6 35. Qxe6 fxe6 36. Rxa7 Rc8 37. Kf1 Bg7 38. Ra5 Bf8 39. Ke2 Rb8 40. Be3 Rb2+ 41. Kf3 Rb8 42. Ra6 Kf7 43. Ra7+ Kg8 44. Ke4 Rc8 45. Ra4 h5 46. Kd4 Bc5+ 47. Kc3 Bxe3 48. fxe3 Rc5 49. Rxc4 Rxe5 50. Kd3 Rd5+ 51. Rd4 Rg5 52. g4 h4 53. a4 Rc5 54. Rc4 Rd5+ 55. Kc3 Rd1 56. a5 Ra1 57. Kb4 Kf7 58. Kb5 Ke7 59. a6 Kd7 60. Ra4 Rb1+ 61. Kc4 Rb8 62. a7 Ra8 63. g5 Kc6 64. Kd4 Kb5 65. Ra1 Kb6 66. Ke5 Kb7 67. Kxe6 1-0

[Event "FIDE World Senior-50 CC 2023"]
[Site "Terrasini"]
[Date "2023.11.05"]
[Round "11.5"]
[White "Morovic Fernandez, Ivan"]
[Black "Vinter-Schou, Uffe"]
[Result "1-0"]
[ECO "B48"]
[WhiteElo "2488"]
[BlackElo "2345"]
[Annotator "RC"]
[PlyCount "81"]
[EventDate "2023.10.22"]
[EventType "swiss"]
[EventCountry "ITA"]
[SourceTitle "playchess.com"]
[Source "ChessBase"]
[SourceQuality "1"]
[TimeControl "40/5400+30:1800+30"]

1. e4 c5 2. Nf3 e6 3. d4 cxd4 4. Nxd4 Nc6 5. Nc3 Qc7 6. Be3 a6 7. g4 b5 8. Nxc6 dxc6 9. Qf3 Bd6 10. O-O-O Ne7 11. h4 O-O 12. h5 f5 13. exf5 exf5 14. g5 Be6 15. h6 g6 16. Bb6 Qb8 17. Rh4 f4 18. Ne4 Bd5 19. Qc3 Be5 20. Bd4 Bxd4 21. Qxd4 Nf5 22. Nf6+ Kf7 23. Qc5 Qe5 24. Nd7 Qe7 25. Qxe7+ Kxe7 26. Nxf8 Nxh4 27. Nxh7 Nf3 28. Bg2 Rh8 29. Bxf3 Bxf3 30. Re1+ Kf7 31. Nf6 Rd8 32. b3 c5 33. Kb2 Bc6 34. Re5 c4 35. Rc5 Rd6 36. bxc4 Re6 37. cxb5 axb5 38. Ng4 Kg8 39. Re5 Rxe5 40. Nxe5 Be4 41. Kc3 1-0

[Event "FIDE World Senior-50 CC 2023"]
[Site "Terrasini"]
[Date "2023.11.05"]
[Round "11.6"]
[White "Prasad, Devaki V"]
[Black "Bischoff, Klaus"]
[Result "1/2-1/2"]
[ECO "B54"]
[WhiteElo "2200"]
[BlackElo "2473"]
[Annotator "RC"]
[PlyCount "115"]
[EventDate "2023.10.22"]
[EventType "swiss"]
[EventCountry "ITA"]
[SourceTitle "playchess.com"]
[Source "ChessBase"]
[SourceQuality "1"]
[TimeControl "40/5400+30:1800+30"]

1. e4 c5 2. Nf3 e6 3. d4 cxd4 4. Nxd4 Nc6 5. Nc3 d6 6. g4 a6 7. Be3 Nge7 8. h4 b5 9. f4 Bb7 10. Nb3 Na5 11. Nxa5 Qxa5 12. Bg2 Nc6 13. O-O Qc7 14. Qe1 Be7 15. g5 O-O 16. Qf2 f5 17. Bb6 Qd7 18. Rad1 Rac8 19. Rd2 fxe4 20. Nxe4 Ne5 21. b3 Ng6 22. Qg3 d5 23. h5 Qc6 24. Bd4 dxe4 25. hxg6 hxg6 26. Bh3 Rcd8 27. Qc3 Kf7 28. Qxc6 Bxc6 29. c3 b4 30. Rfd1 bxc3 31. Bxc3 Rxd2 32. Rxd2 Rh8 33. Kh2 e3 34. Re2 Bc5 35. Kg3 Be4 36. Bg2 Bd3 37. Re1 Bf5 38. Rd1 e5 39. fxe5 Ke7 40. b4 Ba7 41. Rd6 e2 42. Rxa6 Bd4 43. Be1 Bd3 44. Ra5 Rc8 45. Rd5 Rc1 46. Rxd4 Rxe1 47. Rxd3 Rd1 48. Re3 Rd3 49. Rxd3 e1=Q+ 50. Kf3 Qxb4 51. Bh3 Qh4 52. Bg4 Qxg5 53. Rd7+ Kf8 54. e6 Qe5 55. Rf7+ Ke8 56. a4 Qd5+ 57. Kg3 Qe5+ 58. Kf3 1/2-1/2

[Event "FIDE World Senior-50 CC 2023"]
[Site "Terrasini"]
[Date "2023.11.05"]
[Round "11.7"]
[White "Holzke, Frank"]
[Black "Cabe, Arlan"]
[Result "1-0"]
[ECO "B09"]
[WhiteElo "2473"]
[BlackElo "2303"]
[Annotator "RC"]
[PlyCount "69"]
[EventDate "2023.10.22"]
[EventType "swiss"]
[EventCountry "ITA"]
[SourceTitle "playchess.com"]
[Source "ChessBase"]
[SourceQuality "1"]
[TimeControl "40/5400+30:1800+30"]

1. e4 d6 2. d4 Nf6 3. Nc3 g6 4. f4 Bg7 5. Nf3 c5 6. dxc5 Qa5 7. Qd3 Qxc5 8. Be3 Qa5 9. Qb5+ Qxb5 10. Nxb5 Na6 11. Bd3 Bd7 12. Bxa7 Nh5 13. Be3 Bxb2 14. Rb1 Bg7 15. e5 dxe5 16. Nxe5 Bxe5 17. fxe5 O-O 18. Na7 Rab8 19. O-O Be6 20. a4 Ng7 21. Bg5 Rfe8 22. Bb5 Ba2 23. Bxe8 Nxe8 24. Rb2 Bc4 25. Rf4 Be6 26. Bxe7 Nac7 27. Bd6 Ra8 28. Bxc7 Nxc7 29. Rxb7 Na6 30. Nc6 Kf8 31. Nd4 Bd5 32. Rd7 Ba2 33. e6 f5 34. Rxh7 Kg8 35. Rfh4 1-0

[Event "FIDE World Senior-50 CC 2023"]
[Site "Terrasini"]
[Date "2023.11.05"]
[Round "11.8"]
[White "Cummings, David H."]
[Black "Golovchuk, Oleg"]
[Result "1-0"]
[ECO "A27"]
[WhiteElo "2325"]
[BlackElo "2067"]
[Annotator "RC"]
[PlyCount "59"]
[EventDate "2023.10.22"]
[EventType "swiss"]
[EventCountry "ITA"]
[SourceTitle "playchess.com"]
[Source "ChessBase"]
[SourceQuality "1"]
[TimeControl "40/5400+30:1800+30"]

1. c4 e5 2. Nc3 Nc6 3. Nf3 f5 4. g3 Nf6 5. d4 e4 6. Nh4 g6 7. Bg5 Bg7 8. e3 Ne7 9. Ng2 d6 10. h4 h6 11. Bxf6 Bxf6 12. Nf4 c6 13. Qb3 Qc7 14. Be2 Bd7 15. Qa3 a6 16. g4 O-O-O 17. O-O-O Rdg8 18. gxf5 Bxf5 19. f3 exf3 20. Bxf3 Bxh4 21. Rxh4 g5 22. Rg4 gxf4 23. Rxf4 Rf8 24. Rf1 Be6 25. Bg4 Bxg4 26. Rxf8+ Rxf8 27. Rxf8+ Kd7 28. Ne4 h5 29. Nf6+ Ke6 30. Ne8 1-0

[Event "FIDE World Senior-50 CC 2023"]
[Site "Terrasini"]
[Date "2023.11.05"]
[Round "11.9"]
[White "Mohr, Georg"]
[Black "Nikolaidis, Konstantinos"]
[Result "0-1"]
[ECO "B88"]
[WhiteElo "2430"]
[BlackElo "2096"]
[Annotator "RC"]
[PlyCount "58"]
[EventDate "2023.10.22"]
[EventType "swiss"]
[EventCountry "ITA"]
[SourceTitle "playchess.com"]
[Source "ChessBase"]
[SourceQuality "1"]
[TimeControl "40/5400+30:1800+30"]

1. e4 c5 2. Nf3 d6 3. d4 cxd4 4. Nxd4 Nf6 5. Nc3 a6 6. Bc4 e6 7. a3 Nc6 8. O-O Be7 9. Kh1 Bd7 10. f4 O-O 11. f5 Nxd4 12. Qxd4 Qc7 13. Bg5 Rac8 14. Bb3 Qc5 15. Qd3 Rfe8 16. Be3 Qa5 17. fxe6 Bxe6 18. Rad1 Qh5 19. Bf4 Red8 20. Nd5 Nxd5 21. exd5 Bg4 22. Rde1 Bh4 23. Re3 Re8 24. Qd2 Be2 25. Rb1 Bf2 26. Rxe8+ Rxe8 27. Bxd6 Re3 28. Qb4 Bd1 29. h4 Bxh4 0-1

[Event "FIDE World Senior-50 CC 2023"]
[Site "Terrasini"]
[Date "2023.11.05"]
[Round "11.10"]
[White "Mantovani, Renzo"]
[Black "Sturua, Zurab"]
[Result "0-1"]
[ECO "A01"]
[WhiteElo "2236"]
[BlackElo "2514"]
[Annotator "RC"]
[PlyCount "96"]
[EventDate "2023.10.22"]
[EventType "swiss"]
[EventCountry "ITA"]
[SourceTitle "playchess.com"]
[Source "ChessBase"]
[SourceQuality "1"]
[TimeControl "40/5400+30:1800+30"]

1. b3 d5 2. Bb2 Bf5 3. e3 e6 4. Ne2 Nd7 5. Ng3 Bg6 6. d3 c6 7. Nd2 f6 8. Be2 Bd6 9. O-O Nh6 10. Nf3 Qe7 11. a3 O-O 12. c4 f5 13. b4 e5 14. cxd5 cxd5 15. Re1 Nb6 16. d4 e4 17. Ne5 Be8 18. f4 exf3 19. Bxf3 Bd7 20. Nxd7 Qxd7 21. Nf1 Nf7 22. Qb3 Qe6 23. e4 Ng5 24. exd5 Nxf3+ 25. Qxf3 Qxd5 26. Qxd5+ Nxd5 27. Ne3 Nb6 28. Rac1 Rae8 29. Rcd1 f4 30. Ng4 Rxe1+ 31. Rxe1 Rc8 32. Ne5 Rc2 33. Bc1 Nd5 34. Nd3 b6 35. h4 Rc3 36. Nf2 Be7 37. h5 Bh4 38. Rf1 Ne3 39. Ne4 Rc4 40. Bxe3 fxe3 41. g3 Rxd4 42. gxh4 Rxe4 43. Re1 Kf7 44. h6 Rg4+ 45. Kf1 Rxh4 46. Rxe3 Rxh6 47. Rc3 Re6 48. Kf2 Kf6 0-1

[Event "FIDE World Senior-50 CC 2023"]
[Site "Terrasini"]
[Date "2023.11.05"]
[Round "11.11"]
[White "Degraeve, Jean-Marc"]
[Black "Mussanti, Diego"]
[Result "0-1"]
[ECO "B40"]
[WhiteElo "2479"]
[BlackElo "2183"]
[Annotator "RC"]
[PlyCount "72"]
[EventDate "2023.10.22"]
[EventType "swiss"]
[EventCountry "ITA"]
[SourceTitle "playchess.com"]
[Source "ChessBase"]
[SourceQuality "1"]
[TimeControl "40/5400+30:1800+30"]

1. e4 c5 2. Nf3 e6 3. c3 d5 4. e5 d4 5. d3 Nc6 6. g3 Nge7 7. Bg2 Ng6 8. Qe2 Qc7 9. Na3 a6 10. cxd4 cxd4 11. Nc4 Bb4+ 12. Bd2 Bxd2+ 13. Kxd2 O-O 14. Rhc1 Bd7 15. Ke1 Rad8 16. h4 h6 17. h5 Nge7 18. Nfd2 Qb8 19. Nb3 Nb4 20. a3 Ba4 21. Nc5 Bc6 22. axb4 Bxg2 23. f3 Bh3 24. g4 Nd5 25. Kf2 f5 26. Kg3 fxg4 27. fxg4 Nf4 28. Qd2 Bg2 29. Rg1 Bd5 30. Raf1 Bxc4 31. Rxf4 Bd5 32. Rxf8+ Rxf8 33. Re1 Rf3+ 34. Kh2 Qd8 35. g5 Qf8 36. Re2 Qf5 0-1

[Event "FIDE World Senior-50 CC 2023"]
[Site "Terrasini"]
[Date "2023.11.05"]
[Round "11.12"]
[White "Minasian, Artashes"]
[Black "Plotkin, Victor"]
[Result "1-0"]
[ECO "A11"]
[WhiteElo "2462"]
[BlackElo "2229"]
[Annotator "RC"]
[PlyCount "87"]
[EventDate "2023.10.22"]
[EventType "swiss"]
[EventCountry "ITA"]
[SourceTitle "playchess.com"]
[Source "ChessBase"]
[SourceQuality "1"]
[TimeControl "40/5400+30:1800+30"]

1. g3 d5 2. Nf3 c6 3. b3 Nf6 4. Bb2 g6 5. Bg2 Bg7 6. O-O O-O 7. d3 Re8 8. Nbd2 Nbd7 9. c4 e5 10. cxd5 Nxd5 11. Nc4 Qc7 12. e4 N5b6 13. Ne3 a5 14. Rc1 Nf8 15. Qc2 Qe7 16. Rfe1 a4 17. d4 exd4 18. Bxd4 Bxd4 19. Nxd4 axb3 20. axb3 Ne6 21. Qc3 Nxd4 22. Qxd4 Nd7 23. f4 Nf6 24. e5 Ng4 25. Nc4 Nh6 26. Qd6 Be6 27. Ra1 Rad8 28. Qxe7 Rxe7 29. Red1 Red7 30. Rxd7 Rxd7 31. Nd6 Nf5 32. Ne4 Rd4 33. g4 Ne3 34. Ra8+ Kg7 35. g5 f5 36. gxf6+ Kh6 37. Ng5 Bxb3 38. f7 Rxf4 39. f8=Q+ Rxf8 40. Rxf8 Kxg5 41. h4+ Kh6 42. Bh3 Nf5 43. Bxf5 gxf5 44. e6 1-0

[Event "FIDE World Senior-50 CC 2023"]
[Site "Terrasini"]
[Date "2023.11.05"]
[Round "11.13"]
[White "Matamoros Franco, Carlos S."]
[Black "Boulard, Eric"]
[Result "1-0"]
[ECO "A34"]
[WhiteElo "2455"]
[BlackElo "2181"]
[Annotator "RC"]
[PlyCount "86"]
[EventDate "2023.10.22"]
[EventType "swiss"]
[EventCountry "ITA"]
[SourceTitle "playchess.com"]
[Source "ChessBase"]
[SourceQuality "1"]
[TimeControl "40/5400+30:1800+30"]

1. Nf3 d5 2. g3 c5 3. c4 Nf6 4. cxd5 Nxd5 5. Bg2 e6 6. O-O Be7 7. d4 Nc6 8. Nc3 cxd4 9. Nxd5 exd5 10. Nxd4 O-O 11. Be3 Bf6 12. Rc1 Nxd4 13. Bxd4 Be6 14. a3 a5 15. Qd2 Re8 16. e3 Ra6 17. Rc5 a4 18. Rfc1 h6 19. h4 Bxd4 20. Qxd4 Ra5 21. Bf1 Qa8 22. Rc7 Rc8 23. Qb6 Rxc7 24. Rxc7 Ra7 25. Bb5 Qd8 26. Rxb7 Qxb6 27. Rxb6 Kf8 28. Kf1 Ke7 29. Ke1 Kd8 30. Be2 Bd7 31. Kd2 Kc7 32. Rb4 Kd6 33. Bd1 Kc5 34. Kc3 Bb5 35. Bc2 f6 36. Bd3 Bc6 37. Rb8 Rd7 38. Rc8 Rb7 39. Bc2 Ra7 40. Rb8 Rd7 41. Rb4 Ra7 42. g4 Ra8 43. e4 dxe4 1-0

[Event "FIDE World Senior-50 CC 2023"]
[Site "Terrasini"]
[Date "2023.11.05"]
[Round "11.14"]
[White "Haessel, Dale R."]
[Black "Vlassov, Nikolai"]
[Result "0-1"]
[ECO "E20"]
[WhiteElo "2023"]
[BlackElo "2283"]
[Annotator "RC"]
[PlyCount "74"]
[EventDate "2023.10.22"]
[EventType "swiss"]
[EventCountry "ITA"]
[SourceTitle "playchess.com"]
[Source "ChessBase"]
[SourceQuality "1"]
[TimeControl "40/5400+30:1800+30"]

1. d4 Nf6 2. c4 e6 3. Nc3 Bb4 4. f3 d5 5. a3 Be7 6. e4 dxe4 7. fxe4 c5 8. d5 exd5 9. exd5 O-O 10. Nf3 Bd6 11. Be2 a6 12. O-O Re8 13. Qc2 h6 14. Bd2 Bg4 15. Rae1 Nbd7 16. h3 Bh5 17. Bd3 Bxf3 18. Rxe8+ Nxe8 19. Rxf3 Ne5 20. Rf1 b5 21. b3 bxc4 22. bxc4 Nf6 23. Ne4 Nxe4 24. Bxe4 Qh4 25. Bf4 Re8 26. Bh2 Nxc4 27. Bh7+ Kh8 28. Bxd6 Qd4+ 29. Kh1 Nxd6 30. Rd1 Qe5 31. Bd3 c4 32. Bf1 Nf5 33. Qa4 c3 34. d6 c2 35. d7 Ng3+ 36. Kg1 Qc5+ 37. Qd4 Rd8 0-1

[Event "FIDE World Senior-50 CC 2023"]
[Site "Terrasini"]
[Date "2023.11.05"]
[Round "11.15"]
[White "Lima, Darcy"]
[Black "Chinchilla Miranda, Eugenio"]
[Result "1/2-1/2"]
[ECO "A13"]
[WhiteElo "2416"]
[BlackElo "2179"]
[Annotator "RC"]
[PlyCount "84"]
[EventDate "2023.10.22"]
[EventType "swiss"]
[EventCountry "ITA"]
[SourceTitle "playchess.com"]
[Source "ChessBase"]
[SourceQuality "1"]
[TimeControl "40/5400+30:1800+30"]

1. c4 e6 2. g3 d5 3. Nf3 Nf6 4. Bg2 d4 5. e3 c5 6. O-O Nc6 7. exd4 cxd4 8. d3 Bd6 9. Bg5 h6 10. Bxf6 Qxf6 11. Nbd2 Qe7 12. Re1 O-O 13. a3 a5 14. Nb3 Qf6 15. c5 Bc7 16. Nbd2 a4 17. Rc1 Bd7 18. Nc4 Ra6 19. Nfd2 Qe7 20. Ne4 Na5 21. Nxa5 Rxa5 22. Qd2 Rb5 23. f4 Ba5 24. Qf2 Bxe1 25. Rxe1 Bc6 26. f5 Bxe4 27. Bxe4 Qxc5 28. fxe6 fxe6 29. Qe2 Qg5 30. Qc2 h5 31. Qc4 Qf6 32. Qc2 h4 33. Bg2 hxg3 34. hxg3 Qg5 35. Kh2 Re5 36. Rxe5 Qxe5 37. Qxa4 b5 38. Qc2 Qe3 39. Qc6 Qh6+ 40. Kg1 Qe3+ 41. Kh2 Rf6 42. Qe8+ Rf8 1/2-1/2

[Event "FIDE World Senior-50 CC 2023"]
[Site "Terrasini"]
[Date "2023.11.05"]
[Round "11.17"]
[White "Papadimitriou, Loukas"]
[Black "Jhunjhnuwala, Krishan"]
[Result "1-0"]
[ECO "A57"]
[WhiteElo "1987"]
[BlackElo "2268"]
[Annotator "RC"]
[PlyCount "81"]
[EventDate "2023.10.22"]
[EventType "swiss"]
[EventCountry "ITA"]
[SourceTitle "playchess.com"]
[Source "ChessBase"]
[SourceQuality "1"]
[TimeControl "40/5400+30:1800+30"]

1. d4 Nf6 2. c4 c5 3. d5 b5 4. cxb5 a6 5. f3 d6 6. e4 g6 7. a4 Bg7 8. Na3 O-O 9. Ne2 e6 10. Nc3 exd5 11. Nxd5 Nxe4 12. fxe4 Qh4+ 13. Kd2 Qxe4 14. Qf3 Qd4+ 15. Bd3 c4 16. Nxc4 axb5 17. Ncb6 Nc6 18. Ra3 Re8 19. Qf4 Qc5 20. Rc3 Bxc3+ 21. bxc3 Be6 22. Nf6+ Kg7 23. Nxa8 Rxa8 24. Ne4 Qd5 25. Ke2 Ne5 26. Bxb5 Bf5 27. Qh6+ Kh8 28. Qxh7+ Kxh7 29. Nf6+ Kg7 30. Nxd5 Be4 31. Ne3 Rc8 32. Bb2 f5 33. Rd1 f4 34. Rxd6 Kf7 35. Nd5 g5 36. Kf2 Rc5 37. Nf6 Ba8 38. h3 Ng6 39. c4 Nh4 40. Nd5 Rc8 41. Rf6+ 1-0

[Event "FIDE World Senior-50 CC 2023"]
[Site "Terrasini"]
[Date "2023.11.05"]
[Round "11.18"]
[White "Melikhov, Evgeny V."]
[Black "Stets, Vasyl"]
[Result "1/2-1/2"]
[ECO "D36"]
[WhiteElo "2189"]
[BlackElo "2169"]
[Annotator "ChessBase"]
[PlyCount "79"]
[EventDate "2023.10.22"]
[EventType "swiss"]
[EventCountry "ITA"]
[SourceTitle "playchess.com"]
[Source "ChessBase"]
[SourceQuality "1"]
[TimeControl "40/5400+30:1800+30"]

1. d4 Nf6 2. c4 e6 3. Nc3 d5 4. cxd5 exd5 5. Bg5 c6 6. Qc2 Be7 7. e3 h6 8. Bh4 O-O 9. Bd3 Nbd7 10. Nf3 Re8 11. O-O Ne4 12. Bxe4 Bxh4 13. Bh7+ Kh8 14. Bd3 Be7 15. Rab1 a5 16. a3 Bd6 17. b4 axb4 18. axb4 Nf6 19. b5 Ra3 20. Ra1 Qa5 21. Rxa3 Qxa3 22. Rb1 Kg8 23. Na4 Bg4 24. Nd2 cxb5 25. Bxb5 Rc8 26. Qb2 Bf5 27. Qxa3 Bxa3 28. Ra1 Bb4 29. Nb3 Rc2 30. Nbc5 b6 31. Bd3 Bxd3 32. Nxd3 Ba5 33. Ne5 Ne4 34. Nd7 Rc6 35. f3 Nd6 36. Naxb6 Bxb6 37. Ra8+ Kh7 38. Nf8+ Kg8 39. Nd7+ Kh7 40. Nf8+ 1/2-1/2